 Dungeon Crawl Stone Soup version 0.28-a0-779-g3d1f99b579 (webtiles) character file.

Game seed: 4794678461266647240

70 croobank the Vexing (level 4, -1/48 (51) HPs)
             Began as a Palentonga Arcane Marksman on Nov 2, 2021.
             Was an Initiate of Yredelemnul.
             Slain by Crazy Yiuf (2 damage)
             ... on level 2 of the Dungeon.
             The game lasted 00:15:41 (2001 turns).

croobank the Vexing (Palentonga Arcane Marksman)    Turns: 2001, Time: 00:15:42

HP:   -1/48 (51)    AC: 22    Str: 14    XL:     4   Next: 3%
MP:   2/5           EV:  1    Int: 14    God:    Yredelemnul [......]
Gold: 21            SH:  0    Dex: 10    Spells: 0/5 levels left

rFire   . . .      SeeInvis +   a - +1 hand crossbow
rCold   . . .      Faith    .   (no shield)
rNeg    . . .      Spirit   .   (armour currently unavailable)
rPois   +          Reflect  .   (helmet currently unavailable)
rElec   .          Harm     .   (cloak currently unavailable)
rCorr   .          Rampage  .   (gloves currently unavailable)
Will    .....      NoTele   +   (no barding)
Stlth   +.........              e - amulet of the acrobat
HPRegen 0.16/turn               (no ring)
MPRegen 0.09/turn               (no ring)

@: tree-form, hasted, drained, very quick
A: stationary, stasis, torment immunity, boosted hp, large, rugged brown scales
3, see invisible, (deformed body), (roll 1), (armoured tail)
a: Renounce Religion


You were on level 2 of the Dungeon.
You worshipped Yredelemnul.
Yredelemnul was noncommittal.
You were a tree.
You visited 1 branch of the dungeon, and saw 2 of its levels.

You collected 21 gold pieces.

Inventory:

Hand Weapons
 a - a +1 hand crossbow (weapon)
 g - a +0 dagger
 j - a +0 mace
 k - a +0 spear
 p - a +0 short sword
Missiles
 c - 9 bolts (quivered ammo)
 f - 15 poisoned darts
 i - 47 stones
Armour
 b - a +0 leather armour (melded)
 d - a +0 robe
 h - a +0 pair of gloves (melded)
 o - a +0 ring mail
Jewellery
 e - an amulet of the acrobat (around neck)
Scrolls
 l - a scroll of brand weapon {unknown}


   Skills:
 + Level 1.5 Fighting
 + Level 3.1 Crossbows
 + Level 1.6 Dodging
 + Level 1.0 Spellcasting
 + Level 3.3 Hexes


You couldn't memorise any spells.
You knew the following spells:

 Your Spells              Type           Power      Damage    Failure   Level
a - Slow                  Hex            36%        N/A       7%          1
b - Shock                 Conj/Air       0%         1d3       26%         1
c - Swiftness             Air            0%         N/A       61%         3

Your spell library contained the following spells:

 Spells                   Type           Power      Damage    Failure   Level
 Inner Flame              Hex/Fire       5%         N/A       38%         3
 Portal Projectile        Hex/Tloc       10%        N/A       38%         3
 Cause Fear               Hex            4%         N/A       56%         4
 Airstrike                Air            0%         N/A       95%         4


Dungeon Overview and Level Annotations

Branches:
Dungeon (2/15)

Altars:
Yredelemnul

Annotations:
D:2 Crazy Yiuf


Innate Abilities, Weirdness & Mutations

You are a tree.
Your roots penetrate the ground, keeping you stationary.
You cannot be teleported.
You are immune to unholy pain and torment.
Your maximum health is greatly increased.
Your equipment is partially melded.
(You are completely covered in rugged brown scales. (AC +3, +7% HP))
You have supernaturally acute eyesight. (SInv)
((Armour fits poorly on your strangely shaped body.))
((You can roll at nearby foes to attack.))
((You have a long armoured tail.))


Message History

Crazy Yiuf is moderately wounded.
Crazy Yiuf grits, "Shadow mobile tired!"
Crazy Yiuf hits you with a +3 quarterstaff of chaos.
* * * LOW HITPOINT WARNING * * *
Casting: Slow (safe; 7% risk of failure)
Confirm with . or Enter, or press ? or * to list all spells.
Aiming: Shock (safe; 26% risk of failure)
Press: ? - help, Shift-Dir - straight line, f/p - Crazy Yiuf
Aim: Crazy Yiuf, wielding a +3 quarterstaff of chaos and wearing a +0 cloak (moderately wounded, 69% to hit)
That beam is likely to hit you.
Continue anyway?
Uppercase [Y]es or [N]o only, please.
That beam is likely to hit you.
Continue anyway?
The zap hits Crazy Yiuf but does no damage.
Crazy Yiuf is moderately wounded.
The zap hits Crazy Yiuf but does no damage.
Crazy Yiuf is moderately wounded.
The zap hits you but does no damage. x2
Crazy Yiuf hits you with a +3 quarterstaff of chaos.
* * * LOW HITPOINT WARNING * * *
You feel your power leaking away.
Your magical contamination has completely faded away.
Casting: Shock (safe; 26% risk of failure)
Confirm with . or Enter, or press ? or * to list all spells.
Aiming: Slow (safe; 7% risk of failure)
Press: ? - help, Shift-Dir - straight line, f/p - Crazy Yiuf
Aim: Crazy Yiuf, wielding a +3 quarterstaff of chaos and wearing a +0 cloak (moderately wounded, chance to affect: 52%)
Okay, then.
Casting: Slow (safe; 7% risk of failure)
Confirm with . or Enter, or press ? or * to list all spells.
Aiming: Shock (safe; 26% risk of failure)
Press: ? - help, Shift-Dir - straight line, f/p - Crazy Yiuf
Aim: Crazy Yiuf, wielding a +3 quarterstaff of chaos and wearing a +0 cloak (moderately wounded, 69% to hit)
That beam is likely to hit you.
Continue anyway?
Okay, then.
It was a potion of haste.
You feel yourself speed up.
Crazy Yiuf hits you with a +3 quarterstaff of chaos!
* * * LOW HITPOINT WARNING * * *
You feel drained.
You die...
Your body rises from the dead as a mindless zombie.

#....#...##
#####
#.###.#.###
#..)# #.#
#.#.# #...#
#.###.#.###
...
##....#....
#(#
###..####.
##.#
#....##.
#g##
##.#.##.
##♣#
#.#.##.
#.##
#.#.##.
##.##
#.#.##.
#...##
#####.#....
#....#
#......<...
#....#
#.###......
##..#####.#
#######
#........#
##...#####


You could see Crazy Yiuf.

Vanquished Creatures
  2 adders (D:2)
  A worm (D:2)
  2 dart slugs (D:1)
  3 endoplasms (D:1)
  3 giant cockroaches
  2 goblins
  5 hobgoblins
  4 jackals (D:1)
  3 quokkas
  3 ball pythons (D:1)
  4 bats
  2 frilled lizards
  5 kobolds
  4 rats (D:1)
43 creatures vanquished.

Notes
Turn   | Place    | Note
-------+----------+-------------------------------------------
     0 | D:1      | croobank the Palentonga Arcane Marksman began the quest for
                  | the Orb.
     0 | D:1      | Reached XP level 1. HP: 16/16 MP: 2/2
   187 | D:1      | Reached XP level 2. HP: 22/22 MP: 3/3
   275 | D:1      | Learned a level 1 spell: Shock
   513 | D:1      | Reached XP level 3. HP: 25/27 MP: 4/4
  1024 | D:2      | Found a runed translucent door.
  1025 | D:2      | Noticed Crazy Yiuf
  1073 | D:2      | Found a basalt altar of Yredelemnul.
  1105 | D:2      | Became a worshipper of Yredelemnul the Dark
  1303 | D:2      | Found a faded altar of an unknown god.
  1767 | D:2      | Reached XP level 4. HP: 33/34 MP: 3/5
  1790 | D:2      | Learned a level 3 spell: Swiftness
  2001 | D:2      | HP: 1/49 [Crazy Yiuf (9)]
  2001 | D:2      | Slain by Crazy Yiuf

Illustrated notes

Levels and vault maps discovered:
D:1:      nagdon_arrival_zigzag_paths, layout_loops_ring
D:2:      layout_loops_ring, basic_altar,
          shapermc_ecumenical_altar_starsandcircs, uniq_crazy_yiuf_cottage

Skill      XL: |  1  2  3 |
---------------+----------+-----
Crossbows      | 2 3 |  3.1
Fighting       | |  1.5
Dodging        | |  1.6
Spellcasting   | |  1.0
Hexes          | |  3.3

Action                   |  1- 3 |  4- 6 || total
-------------------------+-------+-------++-------
 Fire: Hand crossbow     |   101 |     4 ||   105
 Cast: Shock             |     2 |     1 ||     3
       Slow              |     1 |       ||     1
  Use: Scroll            |     2 |       ||     2
       Potion            |     1 |     2 ||     3
Armor: Leather armour    |    31 |       ||    31
       Skin              |       |     3 ||     3
Dodge: Dodged            |    31 |       ||    31

Table legend: (Time is in decaauts)
 A = Elapsed time spent in this place.
 B = Non-inter-level travel time spent in this place.
 C = Inter-level travel time spent in this place.
 D = Time resting spent in this place.
 E = Time spent auto-exploring this place.
 F = Levels seen in this place.
 G = Mean time per level.
                   A        B        C        D        E       F      G
               +--------+--------+--------+--------+--------+-----+--------+
         Total |   2039 |   1970 |     69 |    320 |   1148 |   2 | 1019.5 |
       Dungeon |   2039 |   1970 |     69 |    320 |   1148 |   2 | 1019.5 |
               +--------+--------+--------+--------+--------+-----+--------+

Top non-repeatable levels by time:
     D:1: 1021 daAuts
     D:2: 1018 daAuts
